Map: Goldenaura LE

Players

McNasty - Winner!

  • Race: Terran Terran
  • League: Diamond
  • Spawn Location: 12:00

DEW

  • Race: Protoss Protoss
  • League: Diamond
  • Spawn Location: 5:00

VOD

Have the link to the VOD?

Description

Time

  • Played on: Oct. 3, 2024, 10:53 p.m.
  • Length: 7:41
Show
View Real Time Build Order
Export as new Build Order

McNasty Terran - Winner!

Build Orders: Reaper Expand 

Get SALT Encoding   

  12  0:00  SCV  
  13  0:12  SCV  
  14  0:17  Supply Depot  
  14  0:24  SCV  
  15  0:38  SCV  
  15  0:39  Barracks  
  16  0:43  Refinery  
  16  0:50  SCV  
  17  1:02  SCV  
  18  1:15  SCV  
  19  1:27  Orbital Command  
  19  1:28  Reaper  
  20  1:42  Command Center  
  20  1:52  Supply Depot  
  20  1:54  SCV  
  20  2:00  Marine  
  22  2:06  SCV  
  23  2:13  Factory  
  23  2:18  SCV  
  23  2:19  Bunker  
  24  2:22  Barracks Reactor  
  24  2:30  SCV  
  25  2:38  Refinery  
  25  2:43  SCV  
  26  2:55  Orbital Command, SCV  
  26  3:00  Starport  
  26  3:02  Marine x2  
  28  3:10  Factory Tech Lab  
  29  3:12  SCV  
  29  3:19  Marine x2  
  29  3:24  SCV  
  32  3:34  SCV  
  32  3:36  SCV  
  34  3:44  Siege Tank  
  34  3:45  Starport Tech Lab  
  34  3:48  SCV x2  
  38  3:49  Marine x2  
  38  3:53  Barracks  
  41  4:01  SCV  
  42  4:09  Raven  
  44  4:10  Marine x2, Supply Depot  
  44  4:13  Supply Depot  
  46  4:18  SCV x2  
  48  4:28  Siege Tank  
  48  4:29  Barracks  
  48  4:30  SCV x2  
  53  4:32  Supply Depot  
  53  4:40  Engineering Bay  
  53  4:42  Refinery, SCV x2  
  55  4:46  Marine x2  
  55  4:52  Stimpack  
  57  4:56  SCV x2  
  57  4:58  Supply Depot  
  59  5:06  Terran Infantry Weapons Level 1  
  59  5:08  SCV x2  
  59  5:14  Marine x2, Marauder  
  63  5:20  SCV  
  63  5:21  SCV  
  67  5:22  Supply Depot  
  67  5:27  Combat Shield, Marauder  
  69  5:31  Factory Reactor  
  69  5:33  SCV x2  
  69  5:35  Refinery  
  71  5:38  Starport Reactor  
  71  5:40  Marauder  
  71  5:41  Marine  
  74  5:45  SCV x2  
  76  5:54  Marauder, Marine, Supply Depot x2  
  79  5:59  Marine  
  77  6:09  Marauder  
  77  6:10  Widow Mine x2  
  83  6:12  Marine  
  83  6:15  Marauder  
  83  6:16  Marine  
  83  6:17  Supply Depot x2  
  87  6:27  Medivac  
  87  6:28  Medivac  
  87  6:31  Widow Mine x2  
  95  6:33  Marauder  
  95  6:34  Marine x2  
  99  6:46  Concussive Shells  
  101  6:47  Marauder  
  101  6:51  Marine  
  101  6:52  Marine  
  101  6:53  Widow Mine x2  
  107  6:54  Marauder  
Show
View Real Time Build Order
Export as new Build Order

DEW Protoss 

Build Orders: 1 Gate Expand, Zealot Archon 

Get SALT Encoding   

  12  0:00  Probe  
  13  0:12  Probe  
  14  0:18  Pylon  
  14  0:24  Probe  
  15  0:36  Probe (Chrono Boost)  
  15  0:38  Gateway  
  16  0:48  Probe (Chrono Boost)  
  16  0:49  Assimilator  
  17  0:56  Probe (Chrono Boost)  
  18  1:03  Probe  
  19  1:19  Nexus  
  19  1:28  Pylon  
  19  1:32  Zealot  
  21  1:46  Probe  
  22  1:47  Cybernetics Core  
  22  1:55  Assimilator  
  22  1:58  Probe  
  23  2:13  Probe  
  24  2:21  Pylon  
  24  2:24  Stalker (Chrono Boost)  
  24  2:25  Probe  
  24  2:26  Warp Gate  
  27  2:34  Probe  
  26  2:39  Probe  
  26  2:46  Stalker, Probe  
  28  2:55  Probe  
  29  2:59  Probe (Chrono Boost)  
  30  3:06  Twilight Council  
  30  3:07  Probe (Chrono Boost)  
  32  3:16  Probe (Chrono Boost)  
  32  3:17  Probe (Chrono Boost)  
  33  3:22  Probe  
  33  3:23  Probe  
  35  3:35  Probe  
  35  3:36  Probe  
  35  3:38  Resonating Glaives (Chrono Boost)  
  35  3:47  Probe  
  35  3:48  Probe  
  37  3:52  Gateway  
  37  3:54  Gateway  
  37  3:56  Gateway  
  37  3:59  Probe  
  37  4:00  Probe  
  39  4:13  Gateway  
  39  4:16  Adept  
  41  4:21  Pylon  
  41  4:22  Pylon  
  42  4:24  Probe  
  42  4:25  Probe  
  43  4:31  Pylon  
  43  4:36  Probe  
  43  4:38  Gateway  
  44  4:48  Adept  
  44  4:49  Adept x2  
  50  5:01  Adept  
  52  5:10  Gateway  
  52  5:18  Adept  
  52  5:19  Charge (Chrono Boost), Adept x3  
  60  5:38  Templar Archives  
  60  5:39  Nexus  
  60  5:41  Pylon  
  52  6:06  Pylon  
  42  6:15  Zealot x7  
  56  6:19  Probe x2  
  56  6:23  Pylon  
  58  6:31  Probe x2  
  60  6:35  Assimilator  
  60  6:38  Pylon  
  60  6:39  Assimilator  
  60  6:42  Forge  
  60  6:43  Probe  
  60  6:44  Probe  
  60  6:45  Forge  
  62  6:49  High Templar x2  
  62  6:50  Zealot x3  
  62  6:53  Probe  
  73  6:55  Probe  
  73  6:56  Probe  
  75  7:03  Archon  
  75  7:05  Probe  
  75  7:07  Zealot x2, Probe  
  81  7:09  Probe (Chrono Boost)  
  82  7:17  Probe (Chrono Boost)  
  85  7:25  Probe (Chrono Boost)  
  85  7:27  Probe (Chrono Boost)  
  85  7:28  Probe (Chrono Boost)  
  64  7:31  High Templar x2  
  64  7:32  Zealot x5  
  64  7:36  Archon  
Tags
 
Add a new tag
Caveats
  • Supply blocks, unpowered buildings, or Contaminate may cause inaccurate times.
  • Supply counts are checked every 10 seconds.